 Dungeon Crawl Stone Soup version 0.19-a0-1720-gc855d72 (webtiles) character file.

2617 kae the Carver (level 9, 0/75 HPs)
             Began as a Formicid Fighter on Sept 29, 2016.
             Was a Believer of Makhleb.
             Killed by Freeze
             ... invoked by junb69's ghost
              (18 damage)
             ... on level 7 of the Dungeon.
             The game lasted 00:09:50 (7439 turns).

kae the Carver (Formicid Fighter)                   Turns: 7439, Time: 00:09:51

Health: 0/75       AC: 12    Str: 28    XL:     9   Next: 91%
Magic:  9/9        EV:  8    Int:  9    God:    Makhleb [**....]
Gold:   391        SH: 10    Dex: 14    Spells: 0 memorised, 8 levels left

rFire  . . .     SeeInvis +     a - +1 long sword
rCold  . . .     Gourm    .     b - +0 scale mail
rNeg   . . .     Faith    .     c - +0 shield
rPois  .         Spirit   .     (helmet unavailable)
rElec  .         Dismiss  .     u - +0 cloak
rCorr  .         Reflect  .     (no gloves)
MR     .....     Harm     .     m - +2 pair of boots {Stlth+}
Stlth  +.........               (no amulet)
                                w - -2 ring of dexterity (curse)
                                l - +6 ring of dexterity

@: mighty
A: permanent stasis, dig shafts and tunnels, four strong arms, antennae 3
a: Dig, Shaft Self, Minor Destruction, Renounce Religion


You were on level 7 of the Dungeon.
You worshipped Makhleb.
Makhleb was pleased with you.
You were not hungry.

You visited 1 branch of the dungeon, and saw 7 of its levels.

You collected 391 gold pieces.

Inventory:

Hand Weapons
 a - a +1 long sword (weapon)
 k - a +0 whip of electrocution
Armour
 b - a +0 scale mail (worn)
 c - a +0 shield (worn)
 m - a +2 pair of boots of stealth (worn)
 u - a +0 cloak (worn)
Jewellery
 l - a +6 ring of dexterity (left hand)
 t - an uncursed amulet of guardian spirit {unknown}
 w - a cursed -2 ring of dexterity (right hand)
 G - a +3 ring of dexterity
 I - a +2 ring of dexterity
Wands
 s - a wand of flame (37/48)
Scrolls
 e - 2 scrolls of blinking {unknown}
 g - 2 scrolls of amnesia {unknown}
 j - 2 scrolls of enchant armour
 p - a scroll of enchant weapon
 r - 2 scrolls of fog {unknown}
 y - a scroll of magic mapping {unknown}
 A - 2 scrolls of noise {unknown}
 B - 3 scrolls of remove curse {unknown}
 E - a scroll of identify
 F - 2 scrolls of recharging {unknown}
 J - a scroll of random uselessness {unknown}
Potions
 d - a potion of might
 h - 2 potions of beneficial mutation
 n - 2 potions of heal wounds {unknown}
 o - 2 potions of lignification
 v - 2 potions of flight
 x - 3 potions of brilliance {unknown}
 z - a potion of agility {unknown}
 D - 2 potions of curing
Books
 C - a book of the Earth

   Spells                             Type                      Level
   a - Leda's Liquefaction            Hexes/Earth                  4
   b - Bolt of Magma                  Conjuration/Fire/Earth       5
   c - Statue Form                    Transmutation/Earth          6
   d - Iron Shot                      Conjuration/Earth            6
   e - Shatter                        Earth                        9
Comestibles
 f - 7 bread rations
 i - 5 beef jerkies
 q - 3 fruits
 H - a meat ration
 K - 5 chunks of flesh


   Skills:
 + Level 8.4 Fighting
 * Level 10.7 Long Blades
 - Level 3.2 Armour
 - Level 3.6 Shields
 + Level 1.2 Invocations


You had 8 spell levels left.
You didn't know any spells.

Dungeon Overview and Level Annotations

Branches:
Dungeon (7/15)             Temple (0/1) D:5

Altars:
Cheibriados
Dithmenos
Elyvilon
Makhleb
Nemelex Xobeh
Okawaru
Sif Muna
Trog
Xom

Annotations:
D:4 exclusion: door
D:7 junb69's ghost, novice DgWn


Innate Abilities, Weirdness & Mutations

You are under a permanent stasis effect.
You can dig through walls and to a lower floor.
Your four strong arms can wield two-handed weapons with a shield.
You have a pair of large antennae on your head. (SInv)


Message History

Junb69's ghost is severely damaged.
Junb69's ghost hits you.
You hit junb69's ghost.
Junb69's ghost is severely damaged.
Junb69's ghost barely misses you.
You closely miss junb69's ghost.
Junb69's ghost is severely damaged.
Junb69's ghost hits you.
You hit junb69's ghost but do no damage.
Junb69's ghost is severely damaged.
Junb69's ghost points at you and mumbles some strange words.
You are frozen.
* * * LOW HITPOINT WARNING * * *
Unknown command.
You slash junb69's ghost!
Junb69's ghost is severely damaged.
Junb69's ghost shouts, "You must not succeed where I failed!"
Junb69's ghost points at you and mumbles some strange words.
You are frozen.
You die...

.....#...#
.......#.###
#(............#
#(##.##.......#
####
#(##........(.# .#.
#.####.....>.># ..
#(# #.......# O#
#(#####.....#####W#
.<..............@.#
.).....<##...######
........#..#.....#
..........###......
.........## ##.###
........## ..#
........# .#
.......... #
.##########


You could see an ogre and junb69's ghost.

Vanquished Creatures
  Grinder (D:5)
  A wyvern (D:7)
  Menkaure (D:7)
  5 ice beasts
  2 sky beasts (D:5)
  3 centaurs
  3 ogres
  2 bullfrogs
  A gnoll sergeant (D:6)
  2 scorpions (D:4)
  3 crimson imps
  2 bullfrog zombies
  An orc priest (D:6)
  3 hounds
  An orc wizard (D:4)
  2 iguanas
  An iron imp (D:7)
  Crazy Yiuf (D:6)
  4 worker ants
  A hound zombie (D:5)
  2 worker ant zombies
  4 gnolls (D:6)
  A howler monkey zombie (D:5)
  4 adders
  An adder zombie (D:6)
  3 adder skeletons (D:5)
  3 worms
  3 dart slugs
  2 leopard geckos
  12 orcs
  4 giant cockroaches
  8 goblins
  4 hobgoblins
  8 jackals
  4 kobolds
  4 quokkas
  3 ball pythons
  A ball python skeleton (D:4)
  10 bats
  6 frilled lizards (D:2)
  A giant cockroach zombie (D:5)
  3 jackal skeletons
  6 rats
137 creatures vanquished.

Notes
Turn   | Place    | Note
-------+----------+-------------------------------------------
     0 | D:1      | kae the Formicid Fighter began the quest for the Orb.
     0 | D:1      | Reached XP level 1. HP: 18/18 MP: 1/1
    32 | D:1      | Reached XP level 2. HP: 7/24 MP: 2/2
   543 | D:1      | Reached skill level 3 in Long Blades
   543 | D:1      | Reached XP level 3. HP: 8/29 MP: 3/3
  1548 | D:2      | Found a burning altar of Makhleb.
  1573 | D:2      | Reached XP level 4. HP: 31/37 MP: 4/4
  1658 | D:2      | Found an iron altar of Okawaru.
  1724 | D:2      | Became a worshipper of Makhleb the Destroyer
  2319 | D:2      | Reached skill level 4 in Long Blades
  2865 | D:3      | Reached XP level 5. HP: 41/42 MP: 5/5
  2963 | D:3      | Reached * piety under Makhleb
  3555 | D:4      | Reached skill level 5 in Long Blades
  3555 | D:4      | Reached XP level 6. HP: 26/49 MP: 6/6
  3940 | D:4      | Found a shadowy altar of Dithmenos.
  4030 | D:4      | Reached skill level 5 in Fighting
  4112 | D:4      | Found a deep blue altar of Sif Muna.
  4192 | D:4      | Found a white marble altar of Elyvilon.
  4695 | D:5      | Entered Level 5 of the Dungeon
  4695 | D:5      | Found a staircase to the Ecumenical Temple.
  4704 | D:5      | Noticed a sky beast
  4718 | D:5      | Killed a sky beast
  4718 | D:5      | Reached skill level 6 in Long Blades
  4718 | D:5      | Reached XP level 7. HP: 33/56 MP: 7/7
  5022 | D:5      | Found a sparkling altar of Nemelex Xobeh.
  5072 | D:5      | Noticed Grinder
  5095 | D:5      | Killed Grinder
  5095 | D:5      | Reached skill level 7 in Long Blades
  5095 | D:5      | Reached XP level 8. HP: 30/64 MP: 8/8
  5159 | D:5      | Found a bloodstained altar of Trog.
  5472 | D:5      | Reached skill level 8 in Long Blades
  5575 | D:5      | Reached ** piety under Makhleb
  5704 | D:6      | Found a shimmering altar of Xom.
  5704 | D:6      | Found a shimmering altar of Xom.
  5705 | D:6      | Found a shimmering altar of Xom.
  5705 | D:6      | Found a shimmering altar of Xom.
  5802 | D:6      | Reached skill level 9 in Long Blades
  5802 | D:6      | Reached XP level 9. HP: 69/72 MP: 9/9
  6013 | D:6      | Found a runed door.
  6483 | D:6      | Noticed Crazy Yiuf
  6491 | D:6      | Killed Crazy Yiuf
  6538 | D:7      | Noticed junb69's ghost (novice DgWn)
  6805 | D:7      | Found a snail-covered altar of Cheibriados.
  6855 | D:7      | Reached skill level 10 in Long Blades
  6915 | D:7      | Noticed Menkaure
  7384 | D:7      | Killed Menkaure
  7404 | D:7      | Reached skill level 1 in Invocations
  7439 | D:7      | Killed from afar by junb69's ghost

Vault maps used:
D:1:      lemuel_arrival_hallway
D:2:      mumra_celtic_spiral_tile, marbit_many_paths, makhleb_grotto_becter
D:4:      lemuel_crystal_altar, led_sif_book, kennysheep_mini_moat,
          minmay_crystal_water
D:5:      nicolae_overflow_hidden_temple, old_standard_altar, first_bread,
          uniq_grinder
D:6:      xom_redecorated, kennysheep_minor_cross, hex_tiny,
          uniq_crazy_yiuf_cottage
D:7:      slow_altar_1, basic_altar, uniq_menkaure

Skill      XL: |  1  2  3  4  5  6  7  8  9 |
---------------+----------------------------+-----
Long Blades    | 3 4 5 6 7 9 10 | 10.7
Fighting       | 4 5 7 8 |  8.4
Invocations    | 1 |  1.2
Armour         | |  3.2
Shields        | |  3.6

Action                   |  1- 3 |  4- 6 |  7- 9 || total
-------------------------+-------+-------+-------++-------
Melee: Long sword        |   100 |   227 |   330 ||   657
       Whip              |    18 |       |       ||    18
 Abil: Dig               |     2 |     1 |     7 ||    10
  Use: Scroll            |       |     8 |       ||     8
       Potion            |       |     1 |     1 ||     2
  Eat: Chunk             |     2 |     6 |    10 ||    18
       Meat ration       |       |     1 |       ||     1
Armor: Scale mail        |    49 |    88 |    96 ||   233
Dodge: Dodged            |    43 |    48 |    73 ||   164
Block: Shield            |    59 |    80 |   137 ||   276
